 Dungeon Sprint DCSS version 0.15-a0-1224-g3833f9c (webtiles) character file.

2100000 PolkaDot the Executioner (level 15, -6/139 HPs)
             Began as a Vampire Gladiator on June 2, 2014.
             Was a Believer of Makhleb.
             Mangled by a meat berserker
             ... wielding a +9,+9 battleaxe
              (41 damage)
             ... in the Dungeon (Sprint VIII: "Arena of Blood").
             The game lasted 00:01:36 (21 turns).

PolkaDot the Executioner (Vampire Gladiator)          Turns: 21, Time: 00:01:37

HP  -6/139       AC  5     Str 14      XL: 15   Next:  4%
MP  15/15        EV 30     Int 10      God: Makhleb [**....]
Gold 0           SH  0     Dex 19      Spells:  0 memorised, 14 levels left

rFire  . . .     SeeInvis +     l - +∞ Axe of Woe
rCold  . . .     Clarity  .     b - +0 leather armour
rNeg   + . .     rCorr    .     (no shield)
rPois  .         rRot     .     c - +0 helmet
rElec  .         Spirit   .     (no cloak)
SustAb .         Warding  .     (no gloves)
rMut   .         NoTele   +     (no boots)
Gourm  .                        (no amulet)
MR     +....                    (no ring)
                                (no ring)

@: somewhat resistant to hostile enchantments, very unstealthy
A: bottle blood, fangs 3, see invisible, unbreathing
a: Bat Form, Bottle Blood, Minor Destruction, Renounce Religion


You were in the Dungeon.
You worshipped Makhleb.
Makhleb was pleased with you.
You were not thirsty.

You visited 1 branch

Inventory:

Hand weapons
 l - the +∞,+∞ Axe of Woe (weapon)
   (You found it in the Dungeon)
Missiles
 d - 3 throwing nets (quivered)
Armour
 b - a +0 leather armour (worn)
 c - a +0 helmet (worn)
Scrolls
 k - a scroll of blinking
Potions
 e - a potion of blood {@w2}
 f - a potion of curing
 g - a potion of heal wounds
 h - a potion of haste
 i - 2 potions of magic
 j - a potion of berserk rage


   Skills:
 + Level 19.4 Fighting
 * Level 25.6 Axes
 - Level 1.5 Throwing
 + Level 8.1 Armour
 + Level 20.8 Dodging


You had 14 spell levels left.
You didn't know any spells.

Dungeon Overview and Level Annotations

Branches:
Dungeon (1/1)

Altars:
Makhleb


Innate Abilities, Weirdness & Mutations

You can bottle blood from corpses.
You have razor-sharp teeth.*
You have supernaturally acute eyesight.
You can survive without breathing.*


Message History

A bag of meat comes into view.
It is wielding a +9,+9 war axe. 2 orcs come into view.
You hear a shout! x6
The meat berserker rages.
You hear a shout! x3
You slice the bag of meat!!
You hew the bag of meat savagely.
You kill the bag of meat!
Makhleb accepts your kill.
Your Fighting skill increases to level 19!
Your Axes skill increases to level 25!
Your Armour skill gained 3 levels and is now at level 8!
You have reached level 15!
Your experience leads to an increase in your attributes!
Increase (S)trength, (I)ntelligence, or (D)exterity?
You feel agile.
You hear a shout! x10
A bag of meat comes into view. It is wielding a +9,+9 war axe.
You hear a shout!
The meat berserker hits you with a +9,+9 battleaxe!!!
You die...

..........
.....#.#....
.............o
............oo..
...............o.
..o........o.....
......o.)..oO.....
#.....O.# .
#...@...# ...
.###....O)o###.....
.......###o.........
........_..)V.......
.....#....)#....V..#
....#_.<._#....... .
#.....#......#
....._..........
......###........


You could see a destroyer, 3 meat berserkers and 7 bags of meat.

Vanquished Creatures
  2 ogres (D)
  5 orcs (D)
7 creatures vanquished.

Notes
Turn   | Place    | Note
--------------------------------------------------------------
     0 | D        | PolkaDot, the Vampire Gladiator, began the quest for the Orb.
     0 | D        | Reached XP level 1. HP: 16/16 MP: 1/1
     3 | D        | Noticed a bag of meat
     3 | D        | Noticed a bag of meat
     3 | D        | Noticed a bag of meat
     5 | D        | Noticed a bag of meat
     5 | D        | Became a worshipper of Makhleb the Destroyer
     8 | D        | Noticed a bag of meat
     9 | D        | Killed a bag of meat
     9 | D        | Reached skill level 13 in Fighting
     9 | D        | Reached skill level 17 in Axes
     9 | D        | Reached skill level 15 in Dodging
     9 | D        | Reached XP level 2. HP: 19/40 MP: 2/2
     9 | D        | Reached XP level 3. HP: 21/46 MP: 3/3
     9 | D        | Reached XP level 4. HP: 24/53 MP: 4/4
     9 | D        | Reached XP level 5. HP: 26/59 MP: 5/5
     9 | D        | Reached XP level 6. HP: 29/66 MP: 6/6
     9 | D        | Reached XP level 7. HP: 31/72 MP: 7/7
     9 | D        | Reached XP level 8. HP: 34/79 MP: 8/8
     9 | D        | Reached XP level 9. HP: 36/85 MP: 9/9
     9 | D        | Reached XP level 10. HP: 38/92 MP: 10/10
     9 | D        | Reached XP level 11. HP: 40/98 MP: 11/11
    10 | D        | Noticed a meat berserker
    11 | D        | Noticed a bag of meat
    11 | D        | Noticed a meat berserker
    11 | D        | Killed a bag of meat
    11 | D        | Acquired Makhleb's first power
    11 | D        | Reached skill level 19 in Axes
    11 | D        | Reached XP level 12. HP: 28/108 MP: 12/12
    12 | D        | Noticed a bag of meat
    12 | D        | Killed a bag of meat
    12 | D        | Reached skill level 21 in Axes
    12 | D        | Reached XP level 13. HP: 30/117 MP: 13/13
    12 | D        | Killed a meat berserker
    12 | D        | Reached skill level 22 in Axes
    13 | D        | Noticed a bag of meat
    13 | D        | Killed a meat berserker
    13 | D        | Acquired Makhleb's second power
    13 | D        | Reached skill level 23 in Axes
    13 | D        | Reached XP level 14. HP: 31/130 MP: 14/14
    15 | D        | Noticed a destroyer
    15 | D        | Noticed a bag of meat
    16 | D        | Noticed a meat berserker
    16 | D        | Killed a bag of meat
    16 | D        | Reached skill level 24 in Axes
    16 | D        | Reached skill level 5 in Armour
    17 | D        | Noticed a bag of meat
    18 | D        | Noticed a bag of meat
    18 | D        | Noticed a bag of meat
    18 | D        | Noticed a meat berserker
    18 | D        | Noticed a meat berserker
    18 | D        | Noticed a meat berserker
    18 | D        | Noticed a bag of meat
    19 | D        | Noticed a bag of meat
    19 | D        | Noticed a bag of meat
    19 | D        | Noticed a bag of meat
    20 | D        | Killed a bag of meat
    20 | D        | Reached skill level 25 in Axes
    20 | D        | Reached XP level 15. HP: 34/139 MP: 15/15
    21 | D        | Noticed a bag of meat
    21 | D        | Mangled by a meat berserker

Action                   |  1- 3 |  4- 6 |  7- 9 | 10-12 | 13-15 || total
-------------------------+-------+-------+-------+-------+-------++-------
Melee: Executioner's axe |     1 |       |       |     2 |     3 ||     6
